 Dungeon Crawl Stone Soup version 0.28-a0-1382-g92835e5c71 (webtiles) character file.

Game seed: 4560972385031121385

8643 ReploidZero the Thaumaturge (level 11, -25/79 HPs)
             Began as a Djinni Conjurer on Jan 1, 2022.
             Was a High Priest of Ru.
             Annihilated by a boulder beetle (30 damage)
             ... on level 11 of the Dungeon.
             The game lasted 00:37:58 (11268 turns).

ReploidZero the Thaumaturge (Djinni Conjurer)      Turns: 11268, Time: 00:37:58

Health: -25/79     AC:  3    Str:  9    XL:     11   Next: 59%
Gold:   424        EV: 15    Int: 26    God:    Ru [*****.] SH:  0 Dex: 12

rFire   + + .      SeeInvis .   q - +8 rapier of Fixation {vorpal, Will+ Str+3}
rCold   x x .      Faith    .   (no shield)
rNeg    . . .      Spirit   .   A - +2 robe {rF+}
rPois   ∞          Reflect  .   (no helmet)
rElec   .          Harm     .   (no cloak)
rCorr   +          Rampage  .   (no gloves)
Will    +....                   (boots unavailable)
Stlth   ..........              h - amulet of Roanawihi {Regen+ Int+2}
HPRegen 1.03/turn               f - ring of resist corrosion
MPRegen 0.00/turn               (no ring)

@: flying
A: sickness immunity, fire resistance 2, cold vulnerability 1, no stealth,
inability to train armour, weak-willed 1, temperature sensitive, float, innate
caster, hp casting, extra vitality 1, deformed body
a: Renounce Religion, Draw Out Power, Power Leap, Apocalypse


You were on level 11 of the Dungeon.
You worshipped Ru.
Ru was extremely pleased with you.
You visited 2 branches of the dungeon, and saw 12 of its levels.

You collected 424 gold pieces.

Inventory:

Hand Weapons
 q - the +8 rapier of Fixation (weapon) {vorpal, Will+ Str+3}
   (You acquired it on level 7 of the Dungeon)

   It inflicts extra damage upon your enemies.
   Str:       It affects your strength (+3).
   Will:      It increases your willpower.
Missiles
 b - 68 poisoned darts
 d - 160 stones
 m - a throwing net
Armour
 A - a +2 robe of fire resistance (worn)
Jewellery
 f - a ring of resist corrosion (left hand)
 h - the amulet of Roanawihi (around neck) {Regen+ Int+2}
   (You acquired it on level 3 of the Dungeon)

   [amulet of regeneration]

   Int:       It affects your intelligence (+2).
   Regen:     It increases your rate of health regeneration.
 l - a ring of fire
 B - a ring of ice
Wands
 a - a wand of iceblast (8)
 s - a wand of charming (6)
 t - a wand of mindburst (7)
 x - a wand of flame (16)
Scrolls
 c - 3 scrolls of teleportation
 y - 2 scrolls of brand weapon
 z - a scroll of enchant weapon
Potions
 e - a potion of brilliance
 g - 3 potions of heal wounds
 k - 5 potions of curing
 n - a potion of haste {unknown}
 o - 2 potions of attraction
 p - a potion of cancellation
 r - a potion of degeneration {unknown}
 u - a potion of flight
 v - a potion of magic {unknown}
 C - 2 potions of lignification
 D - a potion of berserk rage {unknown}


   Skills:
 + Level 7.5 Fighting
 + Level 8.6 Dodging
 + Level 11.1 Spellcasting


You had 5 spell levels left.
You knew the following spells:

 Your Spells              Type           Power      Damage    Failure   Level
a - Magic Dart            Conj           100%       1d8       1%          1
b - Searing Ray           Conj           100%       2d8       1%          2
c - Dazzling Flash        Conj/Hex       100%       N/A       1%          3
d - Fulminant Prism       Conj/Hex       32%        3d16      1%          4
e - Iskenderun's Mystic   Conj/Tloc      64%        2d13      1%          4
f - Sandblast             Erth           100%       2d20      1%          1
g - Blink                 Tloc           100%       N/A       1%          2
h - Corpse Rot            Necr/Air       100%       N/A       1%          2
i - Stone Arrow           Conj/Erth      100%       3d13      1%          3
j - Iskenderun's Battles  Conj           64%        2d11      1%          5
Your spell library was empty.

Dungeon Overview and Level Annotations

Branches:
Dungeon (11/15)            Temple (1/1) D:7            Lair (0/6) D:10
    Orc: D:9-12

Altars:
Ashenzari
Cheibriados
Dithmenos
Elyvilon
Fedhas
Gozag
Hepliaklqana
Kikubaaqudgha
Makhleb
Nemelex Xobeh
Okawaru
Qazlal
Ru
Sif Muna
Trog
Uskayaw
Vehumet
Wu Jian
Xom
Yredelemnul
Zin
The Shining One

Shops:
D:9 [


Innate Abilities, Weirdness & Mutations

You are immune to sickness and miasma.
You are immune to poison.
Your flesh is very heat resistant. (rF++)
You are vulnerable to cold. (rC-)
You cannot be stealthy.
You cannot train Armour skill.
You are slightly weak-willed. (Will-)
You are sensitive to extremes of temperature. (rF-, rC-)
You float through the air rather than walking.
You learn spells naturally, not from books.
Your magical power is your life essence.
You have superior vitality. (+4 MHP)
Armour fits poorly on your strangely shaped body.


Message History

Casting: Stone Arrow (safe; 1% risk of failure)
Confirm with . or Enter, or press ? or * to list all spells.
You erupt in a blast of force!
The mystic blast hits the boulder beetle!!
The boulder beetle is moderately wounded.
The boulder beetle barely misses you.
Unknown command.
Unknown command.
Aiming: Stone Arrow (safe; 1% risk of failure)
Press: ? - help, Q - select action, (/) - cycle Shift-Dir - straight line, f/p - boulder beetle
Aim: a boulder beetle (moderately wounded, 100% to hit)
The stone arrow hits the boulder beetle but does no damage.
The boulder beetle is moderately wounded.
A howler monkey zombie comes into view.
The boulder beetle begins to attack, but is stunned by your conviction!
Unknown command.
Casting: Stone Arrow (safe; 1% risk of failure)
Confirm with . or Enter, or press ? or * to list all spells.
You erupt in a blast of force!
The mystic blast hits the boulder beetle!
The boulder beetle is heavily wounded.
The boulder beetle is knocked back by the mystic blast.
The boulder beetle slams into the rock wall!
The boulder beetle is heavily wounded.
Unknown command.
Casting: Iskenderun's Mystic Blast (safe; 1% risk of failure)
Confirm with . or Enter, or press ? or * to list all spells.
Aiming: Sandblast (safe; 1% risk of failure)
Press: ? - help, Shift-Dir - straight line, f/p - boulder beetle
Aim: a boulder beetle (heavily wounded, 100% to hit)
The blast of sand hits the boulder beetle but does no damage.
The boulder beetle is heavily wounded.
d - 160 stones The boulder beetle bites you!!
* * * LOW HITPOINT WARNING * * *
Okay, then.
As you read the scroll of fear, it crumbles to dust.
You assume a fearsome visage.
The boulder beetle easily resists.
The howler monkey zombie is unaffected.
The boulder beetle bites you!!
You die...

. .. ... ## ###...
#.. .. ......
#..#### .###.##....
#^ZB.# ..#........
#@###.........
#.####...........#
...........#.....##
........#.#.......##
.......##.#........#
.......##..........#
.........#.#.......#
.......#<.....†.....
...........#........


You could see a boulder beetle and a howler monkey zombie.

Vanquished Creatures
  A hydra (D:11)
  Pikel (D:6)
  An obsidian statue (D:9)
  An ice statue (D:9)
  A gargoyle (D:8)
  A hornet (D:10)
  Prince Ribbit (D:6)
  A shadow (D:9)
  A wyvern (D:11)
  A wraith (D:9)
  Eustachio (D:5)
  8 yaks
  2 steam dragons
  2 water moccasins (D:7)
  A sky beast (D:7)
  4 orc warriors
  A necrophage (D:6)
  An ice beast (D:7)
  2 black bears
  3 ogres
  A centaur (D:7)
  2 kobold brigands
  4 bullfrogs
  A water moccasin zombie (D:6)
  8 scorpions
  A wyvern skeleton (D:7)
  3 water moccasin skeletons (D:4)
  5 wights
  8 killer bees
  An electric eel (D:10)
  A howler monkey (D:5)
  A lava snake (D:9)
  2 centaur zombies
  2 jellies
  2 centaur skeletons (D:7)
  2 gnoll shamans (D:7)
  5 orc priests
  2 bullfrog skeletons
  6 orc wizards
  4 iguanas
  10 gnolls (D:7)
  6 adders
  A shadow imp (D:8)
  2 white imps
  3 ufetubi
  An adder skeleton (D:4)
  A worm (D:4)
  27 orcs
  9 ball pythons
  4 endoplasms
  3 giant cockroaches
  9 goblins
  5 hobgoblins
  3 jackals
  A quokka (D:3)
  9 bats
  4 frilled lizards
  20 kobolds
  6 rats
220 creatures vanquished.

Vanquished Creatures (others)
  A troll (D:10)
  7 fulminant prisms
  5 fungi (D:7)
  2 plants (D:10)
15 creatures vanquished.

Grand Total: 235 creatures vanquished

Notes
Turn   | Place    | Note
-------+----------+-------------------------------------------
     0 | D:1      | ReploidZero the Djinni Conjurer began the quest for the
                  | Orb.
     0 | D:1      | Reached XP level 1. HP: 15/15 MP: 0/0
   427 | D:1      | Reached XP level 2. HP: 18/21 MP: 0/0
   787 | D:1      | Found a faded altar of an unknown god.
   862 | D:1      | Prayed at the altar of an unknown god.
   862 | D:1      | Became a worshipper of Ru the Awakened
  1287 | D:1      | Gained mutation: You are sensitive to extremes of
                  | temperature. (rF-, rC-) [Ru sacrifice]
  1287 | D:1      | Reached * piety under Ru
  1287 | D:1      | Reached ** piety under Ru
  1347 | D:2      | Reached XP level 3. HP: 23/25 MP: 0/0
  1347 | D:2      | Learned a level 1 spell: Sandblast
  1581 | D:2      | Reached skill level 4 in Spellcasting
  1829 | D:2      | Reached XP level 4. HP: 26/31 MP: 0/0
  2389 | D:3      | Reached XP level 5. HP: 13/35 MP: 0/0
  2389 | D:3      | Learned a level 2 spell: Blink
  3140 | D:2      | Reached skill level 5 in Spellcasting
  3678 | D:3      | Reached XP level 6. HP: 40/40 MP: 0/0
  4029 | D:4      | Noticed an ogre
  4036 | D:4      | Killed an ogre
  4199 | D:4      | Reached skill level 6 in Spellcasting
  4436 | D:4      | Gained mutation: You cannot be stealthy. [Ru sacrifice]
  4436 | D:4      | Reached *** piety under Ru
  4549 | D:4      | Reached XP level 7. HP: 31/45 MP: 0/0
  4549 | D:4      | Learned a level 2 spell: Corpse Rot
  5443 | D:3      | Identified a scroll of acquirement
  5443 | D:3      | Acquired the amulet of Roanawihi {Regen+ Int+2}
  5618 | D:5      | Entered Level 5 of the Dungeon
  5632 | D:5      | Noticed Eustachio
  5662 | D:5      | Killed Eustachio
  5663 | D:5      | Reached skill level 7 in Spellcasting
  5663 | D:5      | Reached XP level 8. HP: 31/50 MP: 0/0
  6431 | D:5      | Reached skill level 8 in Spellcasting
  6845 | D:6      | Noticed Pikel
  6854 | D:6      | Killed Pikel
  6855 | D:6      | Reached skill level 9 in Spellcasting
  6855 | D:6      | Reached XP level 9. HP: 36/55 MP: 0/0
  6855 | D:6      | Learned a level 3 spell: Stone Arrow
  7447 | D:6      | Noticed Prince Ribbit
  7452 | D:6      | Killed Prince Ribbit
  7453 | D:6      | Reached skill level 1 in Fighting
  7737 | D:7      | Found a staircase to the Ecumenical Temple.
  7890 | D:7      | Reached XP level 10. HP: 53/67 MP: 0/0
  8092 | D:7      | Reached skill level 10 in Spellcasting
  8121 | D:7      | Reached skill level 5 in Dodging
  8132 | D:7      | Found the +7 Singing Sword {vorpal, sonic wave}
  8651 | D:7      | Acquired the +8 rapier of Fixation {vorpal, Will+ Str+3}
  8696 | D:8      | Noticed a gargoyle
  8773 | Temple   | Entered the Ecumenical Temple
  9114 | D:8      | Killed a gargoyle
  9119 | D:8      | Reached skill level 5 in Fighting
  9546 | D:9      | Found Fevugyopn's Armour Shoppe.
  9600 | D:9      | Gained mutation: You cannot train Armour skill. [Ru
                  | sacrifice]
  9600 | D:9      | Reached **** piety under Ru
  9883 | D:9      | Reached XP level 11. HP: 68/76 MP: 0/0
  9883 | D:9      | Learned a level 5 spell: Iskenderun's Battlesphere
 10157 | D:9      | Noticed an obsidian statue
 10419 | D:9      | Gained mutation: Armour fits poorly on your strangely
                  | shaped body. [a neqoxec]
 10421 | D:9      | Killed an obsidian statue
 10470 | D:10     | Entered Level 10 of the Dungeon
 10887 | D:10     | Reached skill level 11 in Spellcasting
 10980 | D:10     | Found a staircase to the Lair.
 11237 | D:11     | Gained mutation: You are slightly weak-willed. (Will-) [Ru
                  | sacrifice]
 11237 | D:11     | Reached ***** piety under Ru
 11245 | D:11     | Noticed a seven-headed hydra
 11249 | D:11     | Killed a seven-headed hydra
 11260 | D:11     | Noticed a boulder beetle
 11268 | D:11     | Annihilated by a boulder beetle

Illustrated notes

Levels and vault maps discovered:
D:1:      minmay_arrival_glassed_features, layout_loops_corners,
          ebering_ecumenical_altar_box
D:2:      layout_basic
D:3:      minmay_door_path, layout_loops_ring, hangedman_abyss_or_decor_stabs
D:4:      layout_loops_corners
D:5:      layout_basic, uniq_eustachio
D:6:      layout_loops_corners, minivault_23, uniq_prince_ribbit1, uniq_pikel
D:7:      old_forge, layout_basic, minmay_temple_entry_large_hall,
          minmay_increasing_density
D:8:      layout_rooms
D:9:      minmay_separated_statues, layout_long_grid, serial_shops,
          nicolae_stop_n_shop_1, kennysheep_generic_room_4
D:10:     layout_basic, nicolae_vehumet_radiance, grunt_lair_entry_orc_guard_hut
D:11:     layout_rooms
Temple:   mainiacjoe_temple_hex_bubbles

Skill      XL: |  1  2  3  4  5  6  7  8  9 10 11 |
---------------+----------------------------------+-----
Spellcasting   | 4 5 6 7 9 10 11 | 11.1
Stealth        | 0 |  0.0
Fighting       | 3 5 7 |  7.5
Dodging        | 4 7 8 |  8.6

Action                   |  1- 3 |  4- 6 |  7- 9 | 10-12 || total
-------------------------+-------+-------+-------+-------++-------
Melee: Unarmed           |       |     1 |     3 |       ||     4
       Morningstar       |       |       |    27 |       ||    27
       Whip              |       |       |     1 |     1 ||     2
       Rapier            |       |       |       |    13 ||    13
 Cast: Magic Dart        |    52 |    33 |    14 |       ||    99
       Sandblast         |       |    50 |    14 |     1 ||    65
       Searing Ray       |       |     2 |    16 |       ||    18
       Blink             |       |     1 |       |       ||     1
       Iskenderun's Myst |       |       |    11 |     6 ||    17
       Fulminant Prism   |       |       |     1 |     6 ||     7
       Stone Arrow       |       |       |    38 |   162 ||   200
       Iskenderun's Batt |       |       |       |     2 ||     2
Invok: Sacrifice Resista |     1 |       |       |       ||     1
       Sacrifice Stealth |       |     1 |       |       ||     1
       Sacrifice Durabil |       |       |       |     1 ||     1
       Power Leap        |       |       |       |     1 ||     1
       Sacrifice Essence |       |       |       |     1 ||     1
  Use: Scroll            |     2 |     3 |     3 |     9 ||    17
       Potion            |       |     2 |       |     2 ||     4
Armor: Robe              |     1 |     3 |    11 |     8 ||    23
Dodge: Dodged            |     6 |    14 |    60 |    50 ||   130

Table legend: (Time is in decaauts)
 A = Elapsed time spent in this place.
 B = Non-inter-level travel time spent in this place.
 C = Inter-level travel time spent in this place.
 D = Time resting spent in this place.
 E = Time spent auto-exploring this place.
 F = Levels seen in this place.
 G = Mean time per level.
                   A        B        C        D        E       F      G
               +--------+--------+--------+--------+--------+-----+--------+
         Total |  11286 |  10730 |    556 |      0 |   9381 |  12 |  940.5 |
       Dungeon |  11028 |  10506 |    522 |      0 |   9158 |  11 | 1002.5 |
        Temple |    258 |    224 |     34 |      0 |    223 |   1 |  258.0 |
               +--------+--------+--------+--------+--------+-----+--------+

Top non-repeatable levels by time:
     D:4: 1648 daAuts
     D:1: 1458 daAuts
     D:2: 1319 daAuts
     D:3: 1210 daAuts
     D:7: 1141 daAuts
     D:6: 1069 daAuts
     D:9: 953 daAuts
     D:5: 953 daAuts
    D:10: 747 daAuts
     D:8: 475 daAuts
  Temple: 258 daAuts
    D:11: 49 daAuts
